cohdb
Replays
Latest Replays
All Replays
Popular Replays
Top Player Replays
Match Explorer
How It Works
Community
CoH3 Stats
Reddit
Sign in to upload your games and track your stats! →
Sign in with Steam
Match 40640099
Unlisted
Match 40640099
Overview
Messages
Build Orders
End
Panzergrenadier Squad
Panzergrenadier Squad
250 Light Carrier
Construct Light Support Kompanie
Combat Half-tracks
Selects Panzerjäger Kommand Battlegroup
Panzerjäger Squad
Selects Tank Busters
Construct Mechanized Kompanie
8 Rad Armored Car
Selects Mine Fields
Marder III Tank Destroyer
Selects Defensive Positions
Assault Mechanized Group
Construct Panzerarmee Kommand
Selects Butterfly Bomb Drop
Aquila
killmars000
silverticket
Súp phờ rinh
p1
CitizenKane
0
0
Comments
sign in to comment!
No comments posted yet!